 Dungeon Crawl Stone Soup version 0.28-a0-2-g643f2454ad (webtiles) character file.

Game seed: 15179452643477296566

114 siradein the Grave Robber (level 4, -8/39 HPs)
             Began as an Ogre Necromancer on July 23, 2021.
             Killed from afar by Sigmund (9 damage)
             ... with a magic dart
             ... on level 3 of the Dungeon.
             The game lasted 00:07:44 (3297 turns).

siradein the Grave Robber (Ogre Necromancer)        Turns: 3297, Time: 00:07:45

Health: -8/39      AC:  4    Str: 12    XL:     4   Next: 98%
Magic:  1/10       EV: 10    Int: 17    God:
Gold:   67         SH:  0    Dex: 15    Spells: 3/11 levels left

rFire   . . .      SeeInvis .   j - +0 mace
rCold   . . .      Faith    .   (no shield)
rNeg    . . .      Spirit   .   a - +0 robe
rPois   .          Reflect  .   (helmet restricted)
rElec   .          Harm     .   n - +0 cloak
rCorr   .          Rampage  .   (gloves unavailable)
Will    .....                   (boots unavailable)
Stlth   ++........              (no amulet)
HPRegen 0.13/turn               e - +6 ring of dexterity
MPRegen 0.12/turn               (no ring)

@: very slightly contaminated
A: large, unfitting armour, tough skin 1
a: no special abilities


You were on level 3 of the Dungeon.
You visited 1 branch of the dungeon, and saw 3 of its levels.

You collected 67 gold pieces.

Inventory:

Hand Weapons
 j - a +0 mace (weapon)
Missiles
 f - a throwing net
Armour
 a - a +0 robe (worn)
 n - a +0 cloak (worn)
Jewellery
 e - a +6 ring of dexterity (left hand)
 h - a ring of fire
Scrolls
 c - a scroll of amnesia {unknown}
 g - a scroll of immolation {unknown}
 l - a scroll of blinking {unknown}
 m - a scroll of teleportation {unknown}
Potions
 b - a potion of curing {unknown}
 d - a potion of degeneration {unknown}
 i - a potion of heal wounds {unknown}
 k - 2 potions of lignification {unknown}
 o - a potion of invisibility {unknown}


   Skills:
 - Level 1.7 Dodging
 - Level 1.4 Stealth
 + Level 4.2 Spellcasting
 + Level 4.7 Necromancy


You had 3 spell levels left.
You knew the following spells:

 Your Spells              Type           Power      Damage    Failure   Level
a - Pain                  Necr           76%        1d7       2%          1
b - Vampiric Draining     Necr           9%         2d7       7%          3
c - Animate Dead          Necr           9%         N/A       22%         4

Your spell library contained the following spells:

 Spells                   Type           Power      Damage    Failure   Level
 Animate Skeleton         Necr           38%        N/A       2%          1
 Agony                    Necr           19%        N/A       52%         5


Dungeon Overview and Level Annotations

Branches:
Dungeon (3/15)

Altars:
Hepliaklqana

Shops:
D:1 =

Annotations:
D:3 1 runed translucent door, Crazy Yiuf, Sigmund


Innate Abilities, Weirdness & Mutations

You are too large for most types of armour.
You have tough skin. (AC +1)


Message History

Aiming: Pain (safe; 2% risk of failure)
Press: ? - help, Q - select action, (/) - cycle Shift-Dir - straight line, f/p - Sigmund
Aim: Sigmund, wielding a +0 scythe and wearing a +0 robe (moderately wounded, chance to affect: 84%) Sigmund writhes in agony.
Sigmund hits you with a +0 scythe!
Casting: Pain (safe; 2% risk of failure)
Confirm with . or Enter, or press ? or * to list all spells.
Aiming: Vampiric Draining (dangerous; 7% risk of failure)
Press: ? - help, Shift-Dir - straight line, f/p - Sigmund
Aim: Sigmund, wielding a +0 scythe and wearing a +0 robe (moderately wounded)
You draw life force from Sigmund.
You feel life coursing into your body. Sigmund barely misses you.
Casting: Vampiric Draining (dangerous; 7% risk of failure)
Confirm with . or Enter, or press ? or * to list all spells.
You don't have enough magic to cast this spell.
You hit Sigmund.
Sigmund is heavily wounded.
Sigmund hits you with a +0 scythe.
You are too injured to fight recklessly!
You are too injured to fight recklessly!
You are too injured to fight recklessly!
You are too injured to fight recklessly!
Aiming: Pain (safe; 2% risk of failure)
Press: ? - help, Q - select action, (/) - cycle Shift-Dir - straight line, f/p - Sigmund
Aim: Sigmund, wielding a +0 scythe and wearing a +0 robe (heavily wounded, chance to affect: 84%) Sigmund writhes in agony.
Sigmund looks at you with fury. Sigmund hits you with a +0 scythe!
* * * LOW HITPOINT WARNING * * *
Aiming: Pain (safe; 2% risk of failure)
Press: ? - help, Q - select action, (/) - cycle Shift-Dir - straight line, f/p - Sigmund
Aim: Sigmund, wielding a +0 scythe and wearing a +0 robe (heavily wounded, chance to affect: 84%) Sigmund writhes in agony.
Sigmund hits you with a +0 scythe!
* * * LOW HITPOINT WARNING * * *
You hit Sigmund.
Sigmund is almost dead.
Sigmund gestures at you while chanting. The magic dart hits you!
You die...

##..........#
...#.#######.
#..#.# ##. #....#
##.. #.#..# .##...
##...##.# #...
####.......# #..>
##.†......#..##...
#@@##..#### #...
#.....#...# ##..
###.#.#.#.# ##.
..=#.#.#.# ##
.####.....#
........)###
.....##...#####
.....#..#.....####
.......######....##


You could see Sigmund.

Vanquished Creatures
  An orc priest (D:2)
  An orc wizard (D:2)
  2 worms
  A dart slug (D:2)
  2 orcs (D:2)
  4 ball pythons
  4 endoplasms
  3 giant cockroaches
  5 goblins
  4 hobgoblins
  5 jackals
  A quokka (D:3)
  8 bats
  4 kobolds
  A rat (D:1)
46 creatures vanquished.

Notes
Turn   | Place    | Note
-------+----------+-------------------------------------------
     0 | D:1      | siradein the Ogre Necromancer began the quest for the Orb.
     0 | D:1      | Reached XP level 1. HP: 16/16 MP: 3/3
   399 | D:1      | Reached XP level 2. HP: 19/24 MP: 0/5
   462 | D:1      | Found Maihal's Jewellery Emporium.
  1570 | D:2      | Reached XP level 3. HP: 27/31 MP: 2/7
  1658 | D:2      | Learned a level 3 spell: Vampiric Draining
  1864 | D:2      | Found a hazy altar of Hepliaklqana.
  1992 | D:2      | Reached XP level 4. HP: 15/39 MP: 2/9
  2922 | D:3      | Found a runed translucent door.
  2923 | D:3      | Noticed Crazy Yiuf
  3053 | D:3      | Noticed Sigmund
  3112 | D:2      | Learned a level 4 spell: Animate Dead
  3296 | D:3      | HP: 1/39 [Sigmund (8)]
  3297 | D:3      | Killed from afar by Sigmund

Illustrated notes

Levels and vault maps discovered:
D:1:      minmay_arrival_four_houses, layout_basic, serial_shops, shop,
          kennysheep_nondescript, chequers_serial_rivers_micro_b
D:2:      layout_basic, basic_altar
D:3:      layout_rooms, shapermc_ecumenical_altar_mp_vishouse,
          grunt_ministairs_9, wad_rectangle_vault, uniq_crazy_yiuf_cottage,
          uniq_sigmund, uniq_natasha

Skill      XL: |  1  2  3  4 |
---------------+-------------+-----
Spellcasting   | 3 4 |  4.2
Necromancy     | 4 |  4.7
Dodging        | |  1.7
Stealth        | |  1.4

Action                   |  1- 3 |  4- 6 || total
-------------------------+-------+-------++-------
Melee: Mace              |     3 |     2 ||     5
 Cast: Pain              |    77 |    50 ||   127
       Vampiric Draining |       |     1 ||     1
Armor: Robe              |    12 |     9 ||    21
Dodge: Dodged            |    17 |    10 ||    27

Table legend: (Time is in decaauts)
 A = Elapsed time spent in this place.
 B = Non-inter-level travel time spent in this place.
 C = Inter-level travel time spent in this place.
 D = Time resting spent in this place.
 E = Time spent auto-exploring this place.
 F = Levels seen in this place.
 G = Mean time per level.
                   A        B        C        D        E       F      G
               +--------+--------+--------+--------+--------+-----+--------+
         Total |   3300 |   3265 |     35 |    167 |   2564 |   3 | 1100.0 |
       Dungeon |   3300 |   3265 |     35 |    167 |   2564 |   3 | 1100.0 |
               +--------+--------+--------+--------+--------+-----+--------+

Top non-repeatable levels by time:
     D:2: 1817 daAuts
     D:1: 1219 daAuts
     D:3: 263 daAuts
